[Event "*** SCC Grand Prix: Titled Tuesday Blitz"]
[Site "Chess.com"]
[Date "2020.10.13"]
[Round "3"]
[White "Gabrielian_Artur"]
[Black "kreonx"]
[Result "1-0"]
[WhiteElo "2783"]
[BlackElo "2347"]
[TimeControl "180+1"]
[EndTime "10:29:17 PDT"]
[Termination "Gabrielian_Artur won on time"]

1. e4 c6 2. d4 d5 3. Nd2 dxe4 4. Nxe4 Nf6 5. Nxf6+ exf6 6. c3 Bd6 7. Bd3 O-O 8.
Qc2 h6 9. Ne2 Qc7 10. Be3 Nd7 11.
O-O-O Re8 12. Kb1 c5 13. Ng3 cxd4 14. Bxd4 Bxg3 15. hxg3 Ne5 16. Bh7+ Kh8 17. Be4 Be6 18. Qd2 Kg8 19. Rxh6 Ng4 20. Bh7+ Kf8 21. Rh4 g6 22. Rxg4 Bxg4 23. Bxf6 Re6 24. Bd8 Rxd8 25. Qxd8+ Qxd8 26. Rxd8+ Kg7 27. Bxg6 Kxg6 28. f3 Bf5+ 29. Kc1 Re2 30. g4 Be6 31. g3 Rf2 32. f4 Bxg4 33. Rg8+ Kf5 34. Rg5+ Ke4 35. Rxg4 Kd3 36. b3 Kxc3 37. Kd1 Rxa2 38. Rg7 Kxb3 39. Rxf7 b5 40. f5 b4 41. f6 Kb2 42. Re7 Ra6 43. Re2+ Kb1 44.
Rf2 Rd6+ 45. Ke2 Rd8 46. f7 Rf8 47. Kd3 a5 48. Kc4 1-0

[Event "*** SCC Grand Prix: Titled Tuesday Blitz"]
[Site "Chess.com"]
[Date "2020.10.13"]
[Round "3"]
[White "zmeeed67"]
[Black "rugbyclub"]
[Result "0-1"]
[WhiteElo "2344"]
[BlackElo "2227"]
[TimeControl "180+1"]
[EndTime "10:29:17 PDT"]
[Termination "rugbyclub won by resignation"]

1. e4 e6 2. Nf3 d5 3. e5 c5 4. b4 cxb4 5. a3 bxa3 6. Nxa3 Nc6 7.
c3 Nge7 8. d4 Nf5 9. Bd3 Be7 10.
O-O a6 11. Nc2 Bd7 12. Ne3 Nxe3 13. Bxe3 O-O 14. Qb1 g6 15. Qxb7 Qc8 16. Bxa6 Qxb7 17. Bxb7 Rab8 18. Rfb1 f6 19. exf6 Bxf6 20. Bh6 Rfe8 21.
Bf4 e5 22. Bxc6 Rxb1+ 23. Rxb1 Bxc6 24. Bxe5 Be7 25. h4 Kf7 26. Rb6 Ba4 27. Rb7 Ke6 28.
Rb6+ Kf5 29. Nd2 Bxh4 30. Rd6 Rc8 31. g3 Be7 32. Rxd5 Rxc3 33. Ra5 Bd1 34. d5 Kxe5 35. f4+ Kd4 36. Kf2 Bc5 37. Ke1 Bg4 38. Rxc5 Kxc5 39. Ne4+ Kd4 40. Nxc3 Kxc3 41. d6 Kd4 42. Kf2 Ke4 43.
Kg2 h5 44. Kf2 Kd3 45. Kg2 Ke2 46. Kh2 Kf3 0-1

[Event "*** SCC Grand Prix: Titled Tuesday Blitz"]
[Site "Chess.com"]
[Date "2020.10.13"]
[Round "3"]
[White "boasovietica"]
[Black "QuintilianoR"]
[Result "0-1"]
[WhiteElo "2419"]
[BlackElo "2626"]
[TimeControl "180+1"]
[EndTime "10:29:18 PDT"]
[Termination "QuintilianoR won on time"]

1. e4 c5 2. Nf3 d6 3. d4 cxd4 4.
Nxd4 Nf6 5. Nc3 a6 6. Be3 e5 7. Nf3 Be7 8. Nd2 b5 9. a4 b4 10.
Nd5 Nxd5 11. exd5 O-O 12. Nc4 Nd7 13. a5 Bb7 14. Be2 f5 15. f4 Rc8 16. O-O exf4 17. Bxf4 g5 18. Be3 f4 19. Bd4 Nf6 20. Nb6 Rc7 21. Bg4 Nxg4 22. Qxg4 Bc8 23. Qe2 Bf5 24. c3 bxc3 25. bxc3 Bf6 26. Qxa6 Bxd4+ 27. cxd4 Qf6 28. Rad1 Bg4 29. Rd2 f3 30. Qd3 Rcf7 31.
Rdf2 Qf4 32. Nc4 Bh5 33. Ne3 g4 34. g3 Qf6 35. a6 Qg5 36. Nc4 Bg6 37. Qe3 Qxd5 38.
Nb6 Qc6 39. d5 Qc5 40. a7 Qxe3 0-1

[Event "*** SCC Grand Prix: Titled Tuesday Blitz"]
[Site "Chess.com"]
[Date "2020.10.13"]
[Round "3"]
[White "yourstrulyme"]
[Black "Shivagami"]
[Result "1-0"]
[WhiteElo "2425"]
[BlackElo "2233"]
[TimeControl "180+1"]
[EndTime "10:29:18 PDT"]
[Termination "yourstrulyme won by resignation"]

1. d4 Nf6 2. Nf3 d5 3. Bf4 c5 4. c3 Nc6 5. Nbd2 cxd4 6. cxd4 Bf5 7. e3 e6 8. Bb5 Bd6 9. Rc1 Rc8 10. Ne5 Bxe5 11.
Bxe5 O-O 12. Bxc6 bxc6 13. O-O Ne4 14. Nxe4 Bxe4 15. f3 Bg6 16. Qa4 Qb6 17. Qa3 Rfd8 18. Rc5 f6 19. Bg3 Rd7 20. Rfc1 Rb7 21. b3 Be8 22.
Ra5 Ra8 23. Bd6 Qd8 24. Bc5 Kf7 25. Bxa7 Qc7 26. Bb6 Rxa5 27. Bxa5 Ra7 28. Rc5 Qb7 29.
Qc1 Bd7 30. Qc3 Qa8 31. b4 Qb7 32. a4 Qa6 33. Qc2 Qb7 34. Kf2 Qa8 35. g4 Qb7 36.
Qxh7 Rxa5 37. Qh5+ g6 38. Qh7+ Kf8 39. Rxa5 Qxb4 40. Ra8+ 1-0

[Event "*** SCC Grand Prix: Titled Tuesday Blitz"]
[Site "Chess.com"]
[Date "2020.10.13"]
[Round "3"]
[White "elisak43"]
[Black "Chessdude1987"]
[Result "1-0"]
[WhiteElo "2515"]
[BlackElo "2255"]
[TimeControl "180+1"]
[EndTime "10:29:20 PDT"]
[Termination "elisak43 won on time"]

1. e4 e6 2. Nc3 d5 3. Nf3 Nf6 4. e5 Nfd7 5. d4 c5 6. dxc5 Nc6 7. Bf4 Bxc5 8. Bd3 f6 9. Qe2 fxe5 10. Nxe5 Ndxe5 11. Bxe5 Nxe5 12. Qxe5 O-O 13. O-O Qf6 14.
Qxf6 Rxf6 15. Rae1 Bd7 16. Re2 Raf8 17. g3 a6 18. Kg2 Bc6 19. f4 Bd4 20. Nd1 Bc5 21.
Rfe1 Bd7 22. Ne3 h5 23. f5 exf5 24. Nxd5 Bc6 25. c4 f4 26. gxf4 Rxf4 27. Be4 Rf2+ 28.
Kh1 Rxe2 29. Rxe2 Rf1+ 30. Kg2 Ra1 31. b3 g5 32. Nf6+ Kf7 33. Bxc6 bxc6 34. Nxh5 Rg1+ 35. Kf3 g4+ 36. Ke4 Kg6 37. Nf4+ Kf6 38. Nd3 Ba7 39. Ne5 g3 40. hxg3 Rxg3 41. Nxc6 Bc5 42. Kd5 Rg5+ 43.
Re5 Rxe5+ 44. Nxe5 Ba3 45. Nd3 Ke7 46. Kc6 a5 47.
Kb5 1-0

[Event "*** SCC Grand Prix: Titled Tuesday Blitz"]
[Site "Chess.com"]
[Date "2020.10.13"]
[Round "3"]
[White "MaxLeto"]
[Black "Juanovic"]
[Result "1-0"]
[WhiteElo "2307"]
[BlackElo "2111"]
[TimeControl "180+1"]
[EndTime "10:29:20 PDT"]
[Termination "MaxLeto won by checkmate"]

1. g4 d5 2. Bg2 c6 3. g5 e5 4. d4 e4 5. c4 Be6 6. Nc3 Bb4 7.
Qb3 Bxc3+ 8. bxc3 Qd7 9. Ba3 Ne7 10. Rb1 b6 11. Qb4 Na6 12. Qa4 Nc7 13. cxd5 cxd5 14. Qxd7+ Kxd7 15. Nh3 Rac8 16. c4 Na6 17. Bxe7 Kxe7 18. cxd5 Bxd5 19. Nf4 Bb7 20. Kd2 Rc4 21. e3 Rhc8 22. Rhc1 Nb4 23. Rxc4 Rxc4 24. Bf1 Rc2+ 25. Kd1 Rxf2 26. Ke1 Rxa2 27. Rxb4 Rxh2 28. Bg2 h5 29. gxh6 gxh6 30. Ra4 a5 31. Kf2 Rh4 32. Kg3 Rxf4 33. Kxf4 Bc6 34. Ra3 Ke6 35. Bxe4 Bd7 36. Bf5+ Kd6 37.
Bxd7 Kxd7 38. Rb3 Kc6 39. e4 a4 40. d5+ Kc5 41. Rb1 b5 42. Ke5 b4 43. d6 b3 44. d7 Kc4 45. d8=Q Kb4 46. Qd4+ Ka3 47.
Ra1# 1-0

[Event "*** SCC Grand Prix: Titled Tuesday Blitz"]
[Site "Chess.com"]
[Date "2020.10.13"]
[Round "3"]
[White "xamax2000"]
[Black "Sanan_Sjugirov"]
[Result "1/2-1/2"]
[WhiteElo "2677"]
[BlackElo "2890"]
[TimeControl "180+1"]
[EndTime "10:29:21 PDT"]
[Termination "Game drawn by repetition"]

1. e4 c5 2. Nf3 Nc6 3. d4 cxd4 4. Nxd4 Nf6 5. Nc3 e5 6. Ndb5 d6 7. Bg5 a6 8. Na3 b5 9. Nd5 Be7 10. Bxf6 Bxf6 11. c4 b4 12. Nc2 O-O 13. g3 a5 14. h4 g6 15. Bh3 Be6 16. Kf1 Bg7 17. Kg2 Nd4 18. Nxd4 exd4 19. Rc1 Re8 20. Bxe6 fxe6 21.
Nf4 Qf6 22. Nd3 h5 23. Qe2 Qf7 24.
Kh2 Bh6 25. f4 e5 26. Rhf1 exf4 27. Nxf4 Bxf4 28. Rxf4 Qe6 29. Rcf1 Rf8 30. Qd3 Qe5 31. Kg2 a4 32. R1f2 Rae8 33. b3 a3 34. Rxf8+ Rxf8 35. Rxf8+ Kxf8 36. Qf3+ Ke7 37. Qf4 d3 38. Qxe5+ dxe5 39. Kf3 d2 40. Ke2 d1=Q+ 41. Kxd1 Kd6 42. Kd2 Kc5 43. Ke3 Kc6 44. Kf3 Kc5 45. g4 Kc6 46.
gxh5 gxh5 47. Ke3 Kc5 48. Kd3 Kc6 49. Ke3 Kc5 50. Kd3 Kc6 51. Ke3 1/2-1/2

[Event "*** SCC Grand Prix: Titled Tuesday Blitz"]
[Site "Chess.com"]
[Date "2020.10.13"]
[Round "3"]
[White "Triumphmate"]
[Black "crescentmoon2411"]
[Result "0-1"]
[WhiteElo "2454"]
[BlackElo "2805"]
[TimeControl "180+1"]
[EndTime "10:29:21 PDT"]
[Termination "crescentmoon2411 won by resignation"]

1. e4 e6 2. Nf3 d5 3. exd5 exd5 4.
d4 Nc6 5. Bd3 Bd6 6. c3 Nge7 7.
Be3 Bf5 8. Qc2 Qd7 9. O-O O-O 10. Nbd2 Bxd3 11. Qxd3 Nf5 12. Rae1 h6 13. h3 Rae8 14.
b3 Nce7 15. c4 c6 16. Ne5 Bxe5 17. dxe5 Rd8 18. Bc5 dxc4 19. Qxd7 Rxd7 20. Nxc4 Rfd8 21.
g4 Nd4 22. f4 b6 23. Bxe7 Rxe7 24. f5 Rd5 25. Rf4 c5 26. a4 Nxb3 27. Re3 Nd4 28. h4 a6 29. e6 b5 30. exf7+ Kxf7 31.
axb5 axb5 32. Rxe7+ Kxe7 33. Ne3 Re5 34. Kf2 b4 35. g5 hxg5 36. hxg5 b3 37. f6+ gxf6 38.
gxf6+ Kf7 39. Ng4 Rh5 40. Ke3 b2 41. Rf1 Nc2+ 42. Kd3 Na3 43. Re1 b1=Q+ 0-1

[Event "*** SCC Grand Prix: Titled Tuesday Blitz"]
[Site "Chess.com"]
[Date "2020.10.13"]
[Round "3"]
[White "SanchezKelvin"]
[Black "chessplayer9919"]
[Result "0-1"]
[WhiteElo "2404"]
[BlackElo "2599"]
[TimeControl "180+1"]
[EndTime "10:29:22 PDT"]
[Termination "chessplayer9919 won by resignation"]

1. d4 Nf6 2. c4 c5 3. d5 b5 4. cxb5 a6 5. bxa6 g6 6. Nc3 Bg7 7. e4 O-O 8. e5 Ne8 9. Nf3 d6 10. e6 fxe6 11. dxe6 Nc7 12. Ng5 Bxa6 13. Bxa6 Rxa6 14. O-O Nc6 15. Be3 Rf5 16. g4 Rxg5 17.
Bxg5 Nxe6 18. Qe2 Qc8 19. Be3 Ned4 20. Bxd4 Nxd4 21. Qe4 h5 22. Nd5 Qxg4+ 23. Qxg4 hxg4 24. Nxe7+ Kf7 25. Nd5 Nf3+ 26. Kg2 Bxb2 27. Rad1 Be5 28.
Ne3 Nh4+ 29. Kg1 Nf3+ 30. Kg2 Nxh2 31. Rh1 Rxa2 32. Rxh2 Bxh2 33. Kxh2 Rxf2+ 34. Kg1 Rf3 35. Nxg4 Rg3+ 36. Kf2 Rxg4 37. Rxd6 c4 38. Rc6 Rf4+ 39. Ke3 g5 40. Rd6 Kg7 41. Rc6 Rh4 42. Kf2 Rf4+ 43.
Ke3 Kf7 44. Rd6 Ke7 45. Rg6 Rg4 46. Kf3 Rf4+ 47. Ke3 Rf5 48. Ke4 Rc5 49. Kd4 c3 0-1

[Event "*** SCC Grand Prix: Titled Tuesday Blitz"]
[Site "Chess.com"]
[Date "2020.10.13"]
[Round "3"]
[White "Yashasd1995"]
[Black "Aleksey_Sorokin"]
[Result "0-1"]
[WhiteElo "2593"]
[BlackElo "2823"]
[TimeControl "180+1"]
[EndTime "10:29:23 PDT"]
[Termination "Aleksey_Sorokin won by resignation"]

1. b3 e5 2. Bb2 Nc6 3. e3 g6 4. Bb5 Bg7 5. Nf3 Nge7 6. O-O a6 7. Bxc6 Nxc6 8. d4 exd4 9. Nxd4 O-O 10. Nxc6 dxc6 11.
Bxg7 Kxg7 12. c4 Qf6 13. Nd2 Rd8 14. Qc2 Bf5 15. e4 Bh3 16. Rad1 Bg4 17. f3 Be6 18. Nb1 Rd4 19. Rf2 Rad8 20. Rfd2 c5 21. Rxd4 cxd4 22.
Qd3 c5 23. Nd2 h5 24. Rf1 Qf4 25. Re1 h4 26. a3 b5 27. Re2 Rb8 28. cxb5 axb5 29.
b4 Qc7 30. bxc5 Qxc5 31. Re1 Qc3 32. Qe2 Bc4 33. Qf2 d3 34. f4 Rd8 35. Rd1 Qc2 36. Re1 Qc3 37. Rd1 Bb3 38. Re1 Bc2 39. f5 Qd4 40.
Re3 Ra8 41. e5 Rxa3 42. f6+ Kg8 43. e6 Ra1+ 44. Nf1 fxe6 45. f7+ Kf8 46. Qf3 d2 47. Qa8+ Rxa8 0-1

[Event "*** SCC Grand Prix: Titled Tuesday Blitz"]
[Site "Chess.com"]
[Date "2020.10.13"]
[Round "3"]
[White "Beltsychess"]
[Black "chigorin28"]
[Result "1-0"]
[WhiteElo "2637"]
[BlackElo "2421"]
[TimeControl "180+1"]
[EndTime "10:29:23 PDT"]
[Termination "Beltsychess won on time"]

1. d4 Nf6 2. c4 e6 3. Nf3 c5 4. Nc3 cxd4 5. Nxd4 d6 6. e4 Be7 7. Be2 O-O 8. O-O a6 9. Be3 Nc6 10. Rc1 Nxd4 11. Bxd4 Bd7 12. f3 Bc6 13. Qd2 Rc8 14. Rfd1 Qc7 15. Nd5 Bxd5 16. cxd5 Qd7 17. dxe6 fxe6 18.
Bc4 b5 19. Bb3 Kh8 20. Bc3 d5 21. Kh1 Qb7 22. e5 Nd7 23. Bd4 Bc5 24. Bc2 Bxd4 25.
Qxd4 g6 26. f4 Rf7 27. Bd3 Rff8 28. Qe3 Rxc1 29. Rxc1 Rc8 30. Rf1 Qb6 31. Qh3 Nc5 32. Bxg6 Qc7 33. b3 Qg7 34. Bb1 Rg8 35. Rg1 b4 36.
Qe3 Qe7 37. Rc1 Nd7 38. g3 Nf8 39. Qc5 Qg7 40. Qxb4 Ng6 41. Qd2 Ne7 42. Qf2 Qh6 43. Rc7 Ng6 44. Bxg6 Qxg6 45. Rc1 Rd8 46. Qd4 Qg4 47.
Kg1 Qf3 48. Rf1 Qe2 49. f5 Rf8 50. f6 Kg8 51. Qf4 1-0

[Event "*** SCC Grand Prix: Titled Tuesday Blitz"]
[Site "Chess.com"]
[Date "2020.10.13"]
[Round "3"]
[White "orestn"]
[Black "AungTZ"]
[Result "1/2-1/2"]
[WhiteElo "2308"]
[BlackElo "2145"]
[TimeControl "180+1"]
[EndTime "10:29:23 PDT"]
[Termination "Game drawn by repetition"]

1. e4 c5 2. Nf3 Nc6 3. d4 cxd4 4. Nxd4 Nf6 5. Nc3 d6 6. Bg5 e6 7. Qd2 a6 8. O-O-O h6 9. Bf4 Bd7 10. Nxc6 Bxc6 11. f3 d5 12. exd5 Bxd5 13. Nxd5 Nxd5 14.
Be5 Be7 15. Kb1 O-O 16. Bc4 Nb4 17. Qxd8 Rfxd8 18. a3 Nc6 19. Bc3 Bf6 20. Bxf6 gxf6 21. f4 Kg7 22. c3 f5 23. Be2 Kf6 24. Bf3 e5 25. fxe5+ Kxe5 26. Rhe1+ Kf6 27. Bxc6 bxc6 28.
Kc2 f4 29. Rf1 Kg5 30. Rf3 Rxd1 31. Kxd1 Rd8+ 32. Ke2 Re8+ 33. Kd2 Rd8+ 34. Rd3 Re8 35. b4 Re6 36. c4 f5 37. c5 Kg4 38. h3+ Kg5 39. Rd6 Rxd6+ 40. cxd6 Kf6 41. Ke2 Ke6 42. Kf3 Kxd6 43. Kxf4 Ke6 44. g3 Kf6 45. g4 fxg4 46. hxg4 Kg6 47. a4 Kf6 48. a5 Kg6 49. Kf3 Kg5 50. Kg3 Kg6 51. Kh4 Kg7 52. Kh5 Kh7 53. g5 hxg5 54. Kxg5 Kg7 55. Kf5 Kf7 56. Ke5 Ke7 57.
Ke4 Ke6 58. Kd4 Kd6 59. Kc4 Kd7 60. Kd4 Kd6 61. Kc4 Kd7 62. Kc5 Kc7 63. Kc4 Kd7 1/2-1/2

[Event "*** SCC Grand Prix: Titled Tuesday Blitz"]
[Site "Chess.com"]
[Date "2020.10.13"]
[Round "3"]
[White "exoticprincess"]
[Black "tornikesanikidze"]
[Result "1-0"]
[WhiteElo "2880"]
[BlackElo "2664"]
[TimeControl "180+1"]
[EndTime "10:29:25 PDT"]
[Termination "exoticprincess won by resignation"]

1. d4 Nf6 2. Bg5 e6 3. e4 h6 4. Bxf6 Qxf6 5. Nc3 Bb4 6. Ne2 Nc6 7. e5 Qe7 8. a3 Ba5 9. g3 d6 10. exd6 cxd6 11. Bg2 d5 12. O-O O-O 13. Nb1 b5 14. Nd2 Bb6 15. c3 a5 16. Re1 Rb8 17. Nf4 Qf6 18.
b4 a4 19. Nd3 Bd7 20. Nf3 Rfd8 21. Qd2 Ne7 22. Nfe5 Be8 23. Nc5 Nc8 24. Re3 Nd6 25.
Rae1 Nf5 26. R3e2 Nd6 27. h4 Nc4 28. Nxc4 Bxc5 29. Ne5 Bd6 30. Nd3 Rbc8 31. Nc5 Bc6 32. Re3 Re8 33. h5 Qf5 34. Qe2 Kh7 35. f4 Kg8 36. Kh2 Qf6 37. Bh3 Rcd8 38. Qg4 Kh8 39. Bf1 Qf5 40. Qd1 Rg8 41. Bd3 Qf6 42. Bb1 Rge8 43. Qc2 Qf5 44. Qxf5 exf5 45. Bxf5 Rxe3 46. Rxe3 Rb8 47. Bd7 Bxd7 48. Nxd7 Rd8 49. Nc5 Kg8 50. Kg2 Kf8 51. Kf3 Be7 52. Nb7 Rd7 53. Nc5 Rd8 54.
g4 Bd6 55. g5 Bc7 56. Kg4 Bd6 57. g6 Bc7 58. gxf7 Kxf7 59. Kf5 Rd7 60. Nxd7 1-0

[Event "*** SCC Grand Prix: Titled Tuesday Blitz"]
[Site "Chess.com"]
[Date "2020.10.13"]
[Round "3"]
[White "oogee"]
[Black "karinachess1"]
[Result "0-1"]
[WhiteElo "2247"]
[BlackElo "2513"]
[TimeControl "180+1"]
[EndTime "10:29:25 PDT"]
[Termination "karinachess1 won on time"]

1. d4 Nf6 2. c4 e6 3. Nf3 d5 4. g3 dxc4 5. Bg2 Nc6 6. O-O Rb8 7.
Qc2 b5 8. Rd1 Bb7 9. b3 Nb4 10.
Qb2 cxb3 11. axb3 a6 12. Nc3 Be7 13. Bg5 O-O 14. Bxf6 Bxf6 15. e4 Be7 16. Ne5 c5 17. d5 Bf6 18. dxe6 Qe7 19. exf7+ Kh8 20. Nd7 Qxf7 21.
Nxf8 Rxf8 22. e5 Bxe5 23. Bxb7 Qxb7 24. Qd2 Qf3 25. Rac1 Bd4 26. Rf1 Nd3 27. Rc2 b4 28. Nd1 Ne5 29. Ne3 Qf7 30. f4 Ng4 31. Rf3 Re8 32. Kh1 Nxe3 33. Rc1 Ng4 34. Rcf1 h5 35.
h3 Nf6 36. f5 Qc7 37. Qg5 Kg8 38. g4 hxg4 39. hxg4 Re2 40. Rh3 Qc6+ 41. Rff3 Re1+ 42. Kh2 Qd6+ 43. Rhg3 Be5 44. Qg6 Bxg3+ 45. Rxg3 Re3 0-1

[Event "*** SCC Grand Prix: Titled Tuesday Blitz"]
[Site "Chess.com"]
[Date "2020.10.13"]
[Round "3"]
[White "teacher4chess"]
[Black "TudorAnton"]
[Result "1-0"]
[WhiteElo "2033"]
[BlackElo "2474"]
[TimeControl "180+1"]
[EndTime "10:29:25 PDT"]
[Termination "teacher4chess won by checkmate"]

1. d4 Nf6 2. c4 e6 3. a3 d5 4.
Nc3 Be7 5. Nf3 O-O 6. cxd5 exd5 7. Qc2 g6 8. Bh6 Bf5 9. Qc1 Re8 10. e3 Nbd7 11.
Be2 c5 12. O-O Rc8 13. Rd1 Nb6 14. dxc5 Bxc5 15. Bb5 Bd7 16. Bxd7 Qxd7 17. Qd2 Qg4 18. h3 Qh5 19. Bf4 Ne4 20. Nxe4 Rxe4 21. b4 Bf8 22. Rac1 Rce8 23. Bc7 Nc4 24. Qxd5 Qxd5 25. Rxd5 Nxa3 26. Ra5 Bxb4 27. Rxa7 b5 28. Nd4 Bf8 29. Ba5 Nc4 30. Be1 Rb8 31. Nc6 Rc8 32. Nd4 b4 33. Rb7 Nd6 34. Rxc8 Nxb7 35. Bxb4 Kg7 36. Bxf8+ Kf6 37. Bb4 Re5 38. Rc6+ Kg7 39. Kf1 Nd8 40. Rc8 Ne6 41.
Nxe6+ Rxe6 42. Ke2 h5 43. Bf8+ Kf6 44. f4 Ra6 45. Kf3 Ra1 46. Rc6+ Kf5 47. e4# 1-0

[Event "*** SCC Grand Prix: Titled Tuesday Blitz"]
[Site "Chess.com"]
[Date "2020.10.13"]
[Round "3"]
[White "MPGM"]
[Black "Meri-Arabidze"]
[Result "0-1"]
[WhiteElo "2438"]
[BlackElo "2695"]
[TimeControl "180+1"]
[EndTime "10:29:26 PDT"]
[Termination "Meri-Arabidze won on time"]

1. c4 e5 2. Nc3 Nc6 3. Nf3 f5 4. d3 Nf6 5. g3 Bc5 6. Bg2 d6 7. O-O a6 8. e3 Ba7 9. d4 e4 10.
Nd2 O-O 11. Rb1 Kh8 12. b4 Ng4 13. a4 a5 14. bxa5 Nxa5 15. Nd5 Bb8 16. Ba3 Qg5 17.
h3 Nh6 18. c5 Nf7 19. cxd6 Nxd6 20. Bxd6 cxd6 21. Nb6 Ra6 22. Qc2 Be6 23. d5 Bg8 24.
Nd7 Rd8 25. Nxb8 Rxb8 26. Qc7 Qd8 27. Rfc1 Bxd5 28. g4 fxg4 29. hxg4 Qe8 30. Rb5 Bc6 31. Rxa5 Rc8 32. Qxc8 Qxc8 33. Rxa6 bxa6 34. Bxe4 Qxg4+ 35. Kf1 Bxe4 36. Nxe4 h6 37. Nxd6 Qxa4 38. e4 Kh7 39. f4 Qa3 40. Rd1 Qf3+ 41. Ke1 Qe3+ 42. Kf1 Qxf4+ 43. Ke2 a5 0-1

[Event "*** SCC Grand Prix: Titled Tuesday Blitz"]
[Site "Chess.com"]
[Date "2020.10.13"]
[Round "3"]
[White "kintoho"]
[Black "ehrenfeld"]
[Result "0-1"]
[WhiteElo "2500"]
[BlackElo "2485"]
[TimeControl "180+1"]
[EndTime "10:29:26 PDT"]
[Termination "ehrenfeld won by resignation"]

1. e4 d6 2. d4 g6 3. Nc3 Bg7 4. Nf3 Nf6 5. Be2 O-O 6. O-O a6 7. Bg5 b5 8. e5 Nfd7 9. exd6 cxd6 10. Re1 Nf6 11. Bd3 Nc6 12. Ne4 Bg4 13. c3 Nxe4 14. Bxe4 d5 15. Bc2 Qd6 16. h3 Bxf3 17. Qxf3 e6 18.
Bf4 Qd7 19. a3 Rac8 20. h4 Nxd4 21. cxd4 Rxc2 22. Rab1 h5 23. Be5 Rfc8 24. Bxg7 Kxg7 25.
Re2 Qd8 26. g3 Qf6 27. Qxf6+ Kxf6 28. Rbe1 Rxe2 29. Rxe2 Rc4 30. Rd2 Kf5 31. f3 a5 32.
Kf2 b4 33. axb4 axb4 34. Ke3 Rc1 35. Rd3 f6 36. Rb3 Rc4 37. Rd3 g5 38. hxg5 fxg5 39. Kd2 h4 40. gxh4 gxh4 41. Ke3 h3 42. Rd2 b3 43.
Rh2 Rc2 44. Rxh3 Rxb2 45. Rh5+ Kf6 46. Kd3 Rf2 47. Ke3 b2 48. Rh8 b1=Q 49. Kxf2 Qc2+ 50. Kg3 Qd2 51. Rh4 Kg5 52. Rg4+ Kf5 53. Kh3 Qf2 54.
Rf4+ Kg5 55. Rg4+ Kf6 56. Rf4+ Ke7 57. Kg4 Qg1+ 58. Kh4 Qg7 59. Rg4 Qh6+ 60. Kg3 Kf6 61. Rf4+ Ke7 62. Rg4 Qe3 63. Rh4 Kd6 64. Rg4 Kc6 65. Rg6 Kb5 66. Kg4 Kc4 67. f4 Qg1+ 68.
Kh5 Qh2+ 69. Kg5 Qh3 70. Kf6 Qf5+ 71. Kg7 Kxd4 72. Rf6 Ke4 73. Kf7 d4 74. Ke7 Qxf6+ 75. Kxf6 Kxf4 76. Kxe6 d3 0-1

[Event "*** SCC Grand Prix: Titled Tuesday Blitz"]
[Site "Chess.com"]
[Date "2020.10.13"]
[Round "3"]
[White "penguingm1"]
[Black "Shota_Azaladze"]
[Result "1-0"]
[WhiteElo "2858"]
[BlackElo "2643"]
[TimeControl "180+1"]
[EndTime "10:29:27 PDT"]
[Termination "penguingm1 won by resignation"]

1. d4 Nf6 2. c4 e6 3. Nc3 d5 4.
cxd5 exd5 5. Bg5 c6 6. e3 Be7 7. Bd3 Bg4 8. Qc2 Bh5 9. Nge2 Bg6 10. O-O O-O 11. Bxg6 hxg6 12. f3 Nbd7 13. Rad1 Re8 14. h3 Qa5 15. a3 Nf8 16. b4 Qa6 17. b5 Qxa3 18. bxc6 bxc6 19. Ra1 Qd6 20. Ra6 Ne6 21. Bxf6 Bxf6 22. Nb5 Qe7 23. Rxc6 Nxd4 24. Nexd4 a6 25. Nc7 Qxe3+ 26. Kh1 Bxd4 27. Nxa8 Rxa8 28. f4 Re8 29.
Rxa6 Qg3 30. Qd2 Re4 31. Ra4 Be3 32. Ra8+ Kh7 33. Qe1 Qxe1 34. Rxe1 d4 35. Rd8 Rxf4 36. Kh2 g5 37. Kg3 f6 38. Re2 Rf1 39. Rd7 Kg6 40. Kh2 Rd1 41. Rxe3 Kf5 42. Ree7 g6 43.
Rd5+ Kf4 44. Re6 f5 45. Re2 d3 46. Re6 g4 47. hxg4 fxg4 48. Rd4+ Kf5 49. Red6 Ke5 50.
Rxd3 Re1 51. R6d5+ Kf4 52. R3d4+ Ke3 53. Rxg4 Rd1 1-0

[Event "*** SCC Grand Prix: Titled Tuesday Blitz"]
[Site "Chess.com"]
[Date "2020.10.13"]
[Round "3"]
[White "INLOVEWITHF"]
[Black "Manukyan_Artak"]
[Result "1-0"]
[WhiteElo "2549"]
[BlackElo "2313"]
[TimeControl "180+1"]
[EndTime "10:29:27 PDT"]
[Termination "INLOVEWITHF won by resignation"]

1. d4 Nf6 2. c4 c5 3. dxc5 Na6 4. g3 Nxc5 5. Bg2 g6 6. Nc3 Bg7 7. Be3 Ne6 8. Nf3 Ng4 9. Bd2 Qb6 10. O-O Qxb2 11.
Rb1 Qa3 12. Nb5 Qc5 13. Bb4 Qh5 14. h3 Ne5 15. Nfd4 O-O 16. Bxe7 Re8 17. Bd6 Nxd4 18.
Nxd4 Nc6 19. Nb5 b6 20. Nc7 Bb7 21. Nxe8 Rxe8 22. c5 Ba6 23. Bf4 Bxe2 24. Qxd7 Rd8 25. Qxc6 Bxf1 26. Rxf1 Qxc5 27. Qxc5 bxc5 28. Rc1 Bd4 29.
Be3 f5 30. Bxd4 cxd4 31. Kf1 Rd7 32. Ke2 Kf7 33. Kd3 Ke6 34. Rc4 Ke5 35. f4+ Ke6 36. Rxd4 Rc7 37. Rc4 Rd7+ 38. Kc2 h5 39. Rc6+ Kf7 40.
Bf1 Kg7 41. Bc4 Re7 42. Re6 Rc7 43. Kc3 Rd7 44. h4 Rc7 45. a4 Rd7 46. a5 Rc7 47.
a6 Rd7 48. Kb4 Rc7 49. Bb5 Rf7 50. Kc5 Rc7+ 51. Bc6 Rf7 52. Kd6 1-0

[Event "*** SCC Grand Prix: Titled Tuesday Blitz"]
[Site "Chess.com"]
[Date "2020.10.13"]
[Round "3"]
[White "NewBornNow"]
[Black "dretch"]
[Result "0-1"]
[WhiteElo "2636"]
[BlackElo "2850"]
[TimeControl "180+1"]
[EndTime "10:29:29 PDT"]
[Termination "dretch won on time"]

1. e4 e6 2. d3 d5 3. Qe2 dxe4 4. dxe4 e5 5. Nf3 Nd7 6. c3 Ngf6 7. h3 Bd6 8. Qc2 O-O 9. Be2 b6 10. O-O Bb7 11. Nbd2 Nc5 12. Bd3 a5 13. Re1 Nxd3 14. Qxd3 Re8 15. Qc2 Qd7 16. Nf1 Qc6 17. Ng3 h6 18.
Nh4 a4 19. Nhf5 Bf8 20. f3 Kh7 21. Kh2 g6 22. Ne3 Red8 23. Rb1 Ba6 24. c4 Bb4 25. Re2 Bc5 26. Nd5 Ng8 27. b4 axb3 28. axb3 Bd6 29. Bb2 Bc8 30. Qc3 Re8 31. Ra1 Rxa1 32. Bxa1 b5 33. Ra2 bxc4 34. bxc4 Bd7 35. Ra5 Qb7 36. c5 Bf8 37. Ra2 Bg7 38. Rc2 Qc6 39. Nb4 Qb5 40. c6 Be6 41. Nd3 Ne7 42. Nxe5 Ra8 43. f4 g5 0-1

[Event "*** SCC Grand Prix: Titled Tuesday Blitz"]
[Site "Chess.com"]
[Date "2020.10.13"]
[Round "3"]
[White "Supernotar"]
[Black "swayamsm"]
[Result "1-0"]
[WhiteElo "2839"]
[BlackElo "2631"]
[TimeControl "180+1"]
[EndTime "10:29:29 PDT"]
[Termination "Supernotar won by resignation"]

1. d4 e6 2. c4 b6 3. Nf3 Bb7 4. g3 Bb4+ 5. Nbd2 Bxf3 6. exf3 Nc6 7. a3 Bxd2+ 8. Bxd2 Nxd4 9. Bc3 e5 10. Bxd4 exd4 11.
Qxd4 Qf6 12. Qxf6 Nxf6 13. Bd3 O-O-O 14. Kd2 h6 15. Rhe1 d5 16. Kc2 Rhe8 17. Rxe8 Rxe8 18. Rd1 c6 19. cxd5 cxd5 20. Bb5 Re7 21. Kd3 Kb7 22. Rc1 a6 23. Bc6+ Ka7 24. a4 Rc7 25. Rc3 Re7 26. Kd2 Kb8 27. b4 Kc7 28. Bxd5+ Kd8 29.
Bb3 Rd7+ 30. Rd3 Ke7 31. Rxd7+ Nxd7 32. Bc4 a5 33. bxa5 bxa5 34. Kc3 Ne5 35. Be2 Kd6 36.
f4 Nd7 37. Kc4 Nc5 38. Kb5 Ne4 39. Kxa5 Kc5 40. f3 Nc3 41. Bb5 f6 42. Be8 Ne2 43. Ka6 Nd4 44. a5 Nb3 45. Bf7 Nd4 46. Kb7 Nb5 47. a6 Nd6+ 48. Kc7 Nb5+ 49. Kb7 Nd6+ 50. Kb8 Nxf7 51. a7 Nd8 52. a8=Q Nc6+ 53. Kc7 Nd4 54. Qh8 f5 55. Kd7 Nxf3 56. Qxg7 Kd5 57. Qxh6 Ke4 58. Qe6+ 1-0

[Event "*** SCC Grand Prix: Titled Tuesday Blitz"]
[Site "Chess.com"]
[Date "2020.10.13"]
[Round "3"]
[White "elcandado"]
[Black "MalyDominator"]
[Result "1-0"]
[WhiteElo "2571"]
[BlackElo "2370"]
[TimeControl "180+1"]
[EndTime "10:29:29 PDT"]
[Termination "elcandado won on time"]

1. d4 d5 2. Bf4 Nf6 3. e3 c6 4.
Nd2 g6 5. h3 Bg7 6. Ngf3 O-O 7.
Be2 Nbd7 8. O-O b6 9. Bh2 Bb7 10. a4 c5 11. c3 a6 12. Qb1 Ra7 13. b4 Qa8 14. Rc1 Rc8 15. a5 cxb4 16. axb6 Nxb6 17.
Qxb4 Nc4 18. Qxe7 Ne4 19. Nxc4 dxc4 20. Qa3 a5 21. Rcb1 Bd5 22. Rb5 Bf8 23. Qc1 a4 24.
Bf1 a3 25. Nd2 Nxd2 26. Qxd2 Qc6 27. Rbb1 Qa4 28. f3 f5 29. Be5 Rca8 30. Be2 a2 31. Rb2 Qa3 32. Kh2 Ra4 33. Rbxa2 Qxa2 34. Rxa2 Rxa2 35.
Qe1 Ra1 36. Qh4 R1a6 37. e4 fxe4 38. fxe4 Bf7 39. d5 Rc8 40. Bd4 Bd6+ 41. e5 Bc5 42. e6 Be8 43. Qf6 Bxd4 44. Qxd4 Rd6 45. Bf3 Rcd8 46.
Qe5 Bb5 47. Qf4 1-0